 Dungeon Crawl Stone Soup version 0.22.0-49-gab54619674 (webtiles) character file.

14 JedernureinKreuz the Grave Robber (level 2, 0/20 HPs)
             Began as a Ghoul Necromancer on Sept 7, 2018.
             Slain by a goblin
             ... wielding a +0 dagger
              (3 damage)
             ... on level 1 of the Dungeon.
             The game lasted 00:03:56 (191 turns).

JedernureinKreuz the Grave Robber (GhNe)             Turns: 191, Time: 00:03:57

Health: 0/20       AC:  2    Str: 11    XL:     2   Next: 41%
Magic:  3/3        EV: 12    Int: 10    God:
Gold:   52         SH:  0    Dex:  9    Spells: 2/4 levels left

rFire    . . .     SeeInvis .   b - +0 dagger
rCold    + . .     Gourm    .   (no shield)
rNeg     + + +     Faith    .   a - +0 robe
rPois    ∞         Spirit   .   (no helmet)
rElec    .         Reflect  .   (no cloak)
rCorr    .         Harm     .   (no gloves)
MR       .....                  (no boots)
Stlth    ++........             (no amulet)
HPRegen  0.00/turn              (no ring)
MPRegen  0.08/turn              (no ring)

@: rotting
A: rotting body, claws 1, carnivore, cold resistance 1, negative energy
resistance 3, inhibited regeneration, torment resistance, unbreathing
a: no special abilities


You were on level 1 of the Dungeon.
You were not hungry.

You visited 1 branch of the dungeon, and saw 1 of its levels.

You collected 52 gold pieces.

Inventory:

Hand Weapons
 b - a +0 dagger (weapon)
Armour
 a - a +0 robe (worn)
Scrolls
 e - a scroll of remove curse
 h - a scroll of magic mapping
Potions
 d - a potion of mutation {unknown}
Comestibles
 c - 5 rations
 f - 7 chunks of flesh


   Skills:
 + Level 0.2 Short Blades
 + Level 1.8 Dodging
 + Level 2.2 Stealth
 + Level 1.8 Spellcasting
 + Level 4.4 Necromancy


You had 2 spell levels left.
You knew the following spells:

 Your Spells              Type           Power        Failure   Level  Hunger
a - Pain                  Necr           #...         4%          1    ##.....
b - Animate Skeleton      Necr           N/A          4%          1    ##.....

Your spell library contained the following spells:

 Spells                   Type           Power        Failure   Level  Hunger
 Vampiric Draining        Necr           #.........   16%         3    ####...
 Regeneration             Chrm/Necr      #.........   36%         3    ####...
 Animate Dead             Necr           N/A          45%         4    #####..


Dungeon Overview and Level Annotations

Branches:
Dungeon (1/15)

Altars:


Innate Abilities, Weirdness & Mutations

Your body is rotting away.
You thrive on raw meat.
You are immune to poison.
You have sharp fingernails.
You are carnivorous and can eat meat at any time.
Your flesh is cold resistant. (rC+)
You are immune to negative energy. (rN+++)
You do not regenerate when monsters are visible.
You are immune to unholy pain and torment.
You can survive without breathing.


Message History

Things that are here:
a club; a hobgoblin corpse You butcher the hobgoblin corpse.
f - 7 chunks of flesh (gained 4)
You see here a club.
Casting: Animate Skeleton (safe; 4% risk of failure)
Confirm with . or Enter, or press ? or * to list all spells.
There is nothing here that can be animated!
You see here a dagger.
There is a stone staircase leading down here.
c - 5 rations (gained 1)
A giant cockroach and a goblin come into view.
The goblin shouts!
A goblin is nearby!
You completely miss the goblin. The goblin hits you with a dagger.
* * * LOW HITPOINT WARNING * * *
You closely miss the goblin.
Your frilled lizard skeleton barely misses the goblin.
The goblin hits you with a dagger.
You die...

### #.## #.# ..# ####..#
#.##### ## ..#
.....###.#...##... .
#..#...........s ###
#............... ..#
#)>###........$.
#.#########).# #....$.....
(...Z..##....###Zg...s....
#>.###Z.#.##.#..@#...##...
##.####........####### #
...........##.##
.##........##.## #
#...##........
###....####.## # #.....##
# .....###..# .# .####
##.###.##


You could see a giant cockroach, a goblin and a friendly frilled lizard
skeleton.

Vanquished Creatures
  A dart slug (D:1)
  A goblin (D:1)
  A bat (D:1)
  4 frilled lizards (D:1)
7 creatures vanquished.

Vanquished Creatures (collateral kills)
  An ooze (D:1)
  A hobgoblin (D:1)
2 creatures vanquished.

Grand Total: 9 creatures vanquished

Notes
Turn   | Place    | Note
-------+----------+-------------------------------------------
     0 | D:1      | JedernureinKreuz the Ghoul Necromancer began the quest for
                  | the Orb.
     0 | D:1      | Reached XP level 1. HP: 14/14 MP: 2/2
     2 | D:1      | Learned a level 1 spell: Animate Skeleton
    89 | D:1      | Reached XP level 2. HP: 7/20 MP: 3/3
   191 | D:1      | Slain by a goblin

Action                   || total
-------------------------++-------
Melee: Dagger            ||    23
       Short sword       ||     9
 Cast: Animate Skeleton  ||     2
  Use: Scroll            ||     2
 Stab: Sleeping          ||     2
Armor: Robe              ||     3
Dodge: Dodged            ||    14
